AoeStats
← Count Foxbat

Arabia

510274280Analyzed
1v1 RM · 1d ago on Sep 30, 2026· 37m 51s· 2 players
Game mode
Random Map
Map size
Tiny (2 player)
Population
200
Speed
Normal
Resources
Standard
Victory
Conquest
Starting age
Dark Age
Ending age
Imperial Age
RankedLock teamsTeams togetherTeam positionsShared explorationLock speedFull tech treeHidden civsTurbo modeCheats
Victory
Defeat
🇨🇳 Vikings · China
843
+17
🇩🇪 Franks · Germany
872
-38
精锐442
7:01 Loom
9:21 Feudal Age
9:32 Man-at-Arms
11:26 Arson
21:59 Castle Age
20:08 Double-Bit Axe
21:04 Horse Collar
21:51 Forging
21:42 Scale Mail Armor
22:46 Squires
27:01 Chain Mail Armor
26:26 Pikeman
28:12 Iron Casting
30:58 Bow Saw
34:31 Heavy Plow
Count Foxbat
7:36 Loom
10:41 Feudal Age
11:21 Man-at-Arms
22:44 Scale Barding Armor
23:19 Double-Bit Axe
23:42 Scale Barding Armor
27:17 Castle Age
26:45 Wheelbarrow
27:22 Gold Mining
28:01 Husbandry
Connection lost

Rejoining the realm…

Still unreachable

The connection could not be restored.

Session expired

The server has moved on; the page needs a fresh start.